 Dungeon Crawl Stone Soup version 0.30-a0-782-ge64f9170bb (webtiles) character file.

Game seed: 16677869521168878101

480 HoaS the Ruffian (level 6, -17/61 HPs)
             Began as a Troll Gladiator on Mar 6, 2023.
             Was a Follower of Zin.
             Demolished by an ogre
             ... wielding a +0 giant club
              (24 damage)
             ... on level 4 of the Dungeon.
             The game lasted 00:09:21 (2641 turns).

HoaS the Ruffian (Troll Gladiator)                  Turns: 2641, Time: 00:09:21

Health: -17/61     AC:  6    Str: 23    XL:     6   Next: 86%
Magic:  5/5        EV: 11    Int:  4    God:    Zin [*.....]
Gold:   118        SH:  0    Dex: 13    Spells: 5/5 levels left

rFire   + . .      SeeInvis +      - Unarmed
rCold   . . .      Faith    .    (no shield)
rNeg    + . .      Spirit   .    n - +2 robe {rN+}
rPois   .          Reflect  .    b - +0 hat
rElec   .          Harm     .    (no cloak)
rCorr   .          Rampage  .    (gloves unavailable)
Will    .....                    (boots unavailable)
Stlth   +                        (no amulet)
HPRegen 1.10/turn                g - ring of see invisible
MPRegen 0.09/turn                h - ring of protection from fire

@: no status effects
A: large, unfitting armour, claws 3, regeneration 1, shaggy fur 1, tough skin 1
a: Renounce Religion, Recite, Donate Gold


You were on level 4 of the Dungeon.
You worshipped Zin.
Zin was aware of your devotion.
You visited 2 branches of the dungeon, and saw 5 of its levels.

You collected 131 gold pieces.
You donated 13 gold pieces to Zin.

Inventory:

Missiles
 c - 3 throwing nets (quivered)
 d - a large rock
 j - 4 curare-tipped darts
Armour
 b - a +0 hat (worn)
 n - a +2 robe of positive energy (worn)
Jewellery
 g - a ring of see invisible (left claw)
 h - a ring of protection from fire (right claw)
 l - a ring of protection from fire
Scrolls
 k - 3 scrolls of teleportation
Potions
 a - a potion of degeneration {unknown}
 e - a potion of heal wounds
 f - a potion of lignification {unknown}
 i - 2 potions of curing {unknown}
 m - a potion of magic {unknown}


   Skills:
 * Level 3.3 Fighting
 + Level 3.0 Throwing
 * Level 3.8 Dodging
 * Level 4.9 Unarmed Combat
 + Level 1.1 Invocations


You had 5 spell levels left.
You didn't know any spells.
Your spell library contained the following spells:

 Spells                   Type           Power      Damage    Failure   Level
 Blink                    Tloc           0%         N/A       65%         2
 Lesser Beckoning         Tloc           0%         N/A       65%         2
 Momentum Strike          Conj/Tloc      0%         3d8       65%         2
 Gell's Gravitas          Tloc           0%         N/A       86%         3
 Teleport Other           Tloc           0%         N/A       86%         3


Dungeon Overview and Level Annotations

Branches:
Dungeon (4/15)             Temple (1/1) D:4

Altars:
Ashenzari
Cheibriados
Dithmenos
Fedhas
Gozag
Kikubaaqudgha
Okawaru
Ru
Sif Muna
Trog
Uskayaw
Vehumet
Yredelemnul
Zin

Shops:
D:1 :   D:3 (

Annotations:
D:4 Dowan


Innate Abilities, Weirdness & Mutations

You are too large for most types of armour.
You have claws for hands.
Your natural rate of healing is unusually fast.
You are covered in fur. (AC +1)
You have tough skin. (AC +1)


Message History

Dowan barely misses you.
You claw Dowan!
Dowan is severely wounded.
Dowan hits you with a +0 flail of holy wrath.
You closely miss Dowan. Your claw misses Dowan.
Dowan is severely wounded.
Dowan closely misses you. Dowan casts a spell at you.
The shard of ice misses you.
You miss Dowan.
Dowan is severely wounded.
Dowan hits you with a +0 flail of holy wrath.
You scratch Dowan but do no damage.
Dowan is severely wounded.
Dowan closely misses you.
Dowan hits you with a +0 flail of holy wrath.
You completely miss Dowan.
Dowan is severely wounded.
Dowan hits you with a +0 flail of holy wrath.
You barely miss Dowan. You claw Dowan.
Dowan is severely wounded.
Dowan closely misses you.
You barely miss Dowan.
Dowan is severely wounded.
Dowan casts a spell.
Dowan blinks!
Dowan gestures at you while chanting. The stone arrow hits you!
Dowan points at you and mumbles some strange words.
The shard of ice hits you!!
* * * LOW HITPOINT WARNING * * *
You are too injured to fight recklessly!
You are too injured to fight recklessly!
You scratch Dowan.
Dowan is severely wounded.
Dowan gestures at you while chanting. The stone arrow hits you!
* * * LOW HITPOINT WARNING * * *
The ogre hits you with a +0 giant club!!
You die...

..###..)....#.#............#...
.'...........# ..........#...
#........#..# .............
#.e......#..## #...........
#........#...### #...........
#........##>...# #.......#...
....#...#####....###...)...#...
. #...#####.....##)...>..+...
#......).O@........:...#...
#..........e...........'... .
#.........##...........#... ..
####.......#...........#...
...######.......'...............
................#.....####......
................#.....# ##.....
................#.....### #.....
.........#......####.. .###.....


You could see an ogre and Dowan (fast).

Vanquished Creatures
  Duvessa (D:4)
  Blork the orc (D:4)
  A hound (D:4)
  3 orc priests (D:4)
  4 gnolls
  6 adders
  A white imp (D:4)
  4 dart slugs
  3 worms
  5 orcs
  11 ball pythons
  6 bats
  7 endoplasms
  2 giant cockroaches (D:3)
  A goblin (D:2)
  6 hobgoblins
  4 kobolds
  A quokka (D:1)
  5 frilled lizards
  8 rats
80 creatures vanquished.

Notes
Turn   | Place    | Note
-------+----------+-------------------------------------------
     0 | D:1      | HoaS the Troll Gladiator began the quest for the Orb.
     0 | D:1      | Reached XP level 1. HP: 19/19 MP: 0/0
    54 | D:1      | Found Kyzout's Vocational Training.
    67 | D:1      | Reached XP level 2. HP: 28/28 MP: 1/1
   154 | D:1      | Found a faded altar of an unknown god.
   252 | D:1      | Reached XP level 3. HP: 35/35 MP: 2/2
   944 | D:2      | Reached XP level 4. HP: 41/42 MP: 3/3
  1277 | D:3      | Reached skill level 4 in Unarmed Combat
  1298 | D:3      | Found Mimuj's Weapon Shop.
  1491 | D:3      | Reached XP level 5. HP: 50/50 MP: 4/4
  1525 | D:3      | Identified the +4 sling of Undoing {heavy, Stlth+}
  1952 | D:4      | Noticed Duvessa
  1952 | D:4      | Noticed Dowan
  1952 | D:4      | Noticed an ogre
  2004 | D:4      | Found a staircase to the Ecumenical Temple.
  2017 | Temple   | Entered the Ecumenical Temple
  2104 | Temple   | Became a worshipper of Zin the Law-Giver
  2104 | Temple   | Reached * piety under Zin
  2253 | D:4      | Noticed Blork the orc
  2279 | D:4      | Killed Blork the orc
  2380 | D:4      | Reached XP level 6. HP: 49/59 MP: 5/5
  2614 | D:4      | Killed Duvessa
  2615 | D:4      | Reached skill level 1 in Invocations
  2641 | D:4      | Demolished by an ogre

Illustrated notes

Levels and vault maps discovered:
D:1:      minmay_arrival_four_loops, layout_rooms, basic_ecumenical_altar,
          nicolae_shop_vocational
D:2:      layout_loops_ring
D:3:      layout_basic, serial_shops, nicolae_shop_stone, minmay_checkerbox
D:4:      layout_basic, minmay_temple_entry_offerings, grunt_ministairs_9,
          uniq_duvessa, uniq_blork_the_orc
Temple:   nicolae_temple_great_sept

Skill      XL: |  1  2  3  4  5  6 |
---------------+-------------------+-----
Throwing       | 2 3 |  3.0
Fighting       | 2 3 |  3.3
Dodging        | 3 |  3.8
Unarmed Combat | 4 |  4.9
Invocations    | 1 |  1.1

Action                     |  1- 3 |  4- 6 || total
---------------------------+-------+-------++-------
  Melee: Unarmed           |    76 |   134 ||   210
         Punch             |     1 |     2 ||     3
    Use: Scroll            |     7 |     4 ||    11
   Stab: Sleeping          |       |     1 ||     1
 Armour: Robe              |    29 |    27 ||    56
         Skin              |       |     2 ||     2
  Dodge: Dodged            |    26 |    60 ||    86

Table legend: (Time is in decaauts)
 A = Elapsed time spent in this place.
 B = Non-inter-level travel time spent in this place.
 C = Inter-level travel time spent in this place.
 D = Time resting spent in this place.
 E = Time spent auto-exploring this place.
 F = Levels seen in this place.
 G = Mean time per level.
                   A        B        C        D        E       F      G
               +--------+--------+--------+--------+--------+-----+--------+
         Total |   2622 |   2502 |    120 |    139 |   1713 |   5 |  524.4 |
       Dungeon |   2527 |   2415 |    112 |    139 |   1655 |   4 |  631.8 |
        Temple |     95 |     87 |      8 |      0 |     58 |   1 |   95.0 |
               +--------+--------+--------+--------+--------+-----+--------+

Top non-repeatable levels by time:
     D:3: 754 daAuts
     D:2: 686 daAuts
     D:4: 543 daAuts
     D:1: 542 daAuts
  Temple: 95 daAuts
